 Dungeon Crawl Stone Soup version 0.28-a0-723-g095bd1b44f (webtiles) character file.

Game seed: 7192157791744483786

283 cheechan the Skirmisher (level 6, -7/57 HPs)
             Began as a Naga Fighter on Oct 25, 2021.
             Mangled by a water moccasin (8 damage)
             ... in a sewer.
             The game lasted 00:13:06 (2855 turns).

cheechan the Skirmisher (Naga Fighter)              Turns: 2855, Time: 00:13:07

Health: -7/57      AC:  7    Str: 20    XL:     6   Next: 28%
Magic:  15/15      EV:  7    Int:  9    God:
Gold:   148        SH:  4    Dex: 10    Spells: 5/5 levels left

rFire   . . .      SeeInvis +   a - +0 war axe
rCold   . . .      Faith    .   c - +0 buckler
rNeg    . . .      Spirit   .   b - +0 scale mail
rPois   +          Reflect  .   (no helmet)
rElec   .          Harm     .   (no cloak)
rCorr   .          Rampage  .   p - +0 pair of gloves
Will    .....                   (no barding)
Stlth   ..........              (no amulet)
HPRegen 0.19/turn               l - ring of magical power
MPRegen 0.14/turn               (no ring)

@: mighty, very slow
A: AC +2, large, see invisible, deformed body, poison resistance, slowness 2,
spit poison 1, naga tail 1
a: Spit Poison


You were in a sewer.
You visited 1 branch of the dungeon, and saw 4 of its levels.
You also visited: Sewer.

You collected 148 gold pieces.

Inventory:

Hand Weapons
 a - a +0 war axe (weapon)
 k - a +3 hunting sling of flaming
 n - a +0 dagger of draining
 q - a +0 bardiche
Missiles
 g - 45 bolts
 h - 10 boomerangs (quivered)
 i - 154 stones
Armour
 b - a +0 scale mail (worn)
 c - a +0 buckler (worn)
 p - a +0 pair of gloves (worn)
Jewellery
 l - a ring of magical power (left hand)
Scrolls
 f - 4 scrolls of identify
 m - a scroll of teleportation
Potions
 d - a potion of might
 j - a potion of brilliance


   Skills:
 + Level 3.6 Fighting
 + Level 2.5 Axes
 + Level 3.5 Slings
 + Level 3.3 Armour
 + Level 0.3 Dodging
 + Level 1.3 Stealth
 + Level 2.8 Shields


You had 5 spell levels left.
You didn't know any spells.
Your spell library contained the following spells:

 Spells                   Type           Power      Damage    Failure   Level
 Olgreb's Toxic Radiance  Pois           0%         N/A       100%        4
 Ozocubu's Refrigeration  Ice            0%         4d5       100%        7
 Ignition                 Fire           0%         3d3       100%        8


Dungeon Overview and Level Annotations

Branches:
Dungeon (4/15)              Sewer (1/1)
 Temple: D:4-7

Altars:
Ashenzari
Dithmenos
Fedhas
Gozag
Hepliaklqana
Sif Muna
Trog
Wu Jian

Shops:
D:1 (   D:2 ?


Innate Abilities, Weirdness & Mutations

Your serpentine skin is tough. (AC +2)
You have supernaturally acute eyesight. (SInv)
Armour fits poorly on your strangely shaped body.
Your system is resistant to poisons. (rPois)
You cover ground very slowly.
You can spit poison.
You have a snake-like lower body.


Message History

You bump into the stone wall.
You feel less invigorated.
You feel less confused. The water moccasin bites you!
* * * LOW HITPOINT WARNING * * *
You are poisoned.
The water moccasin poisons you!
You barely miss the water moccasin.
The water moccasin is severely wounded.
* * * LOW HITPOINT WARNING * * *
You feel very sick.
The water moccasin bites you but does no damage.
The water moccasin barely misses you.
You miss the water moccasin.
The water moccasin is severely wounded.
You feel sick. The water moccasin bites you.
* * * LOW HITPOINT WARNING * * *
The water moccasin barely misses you.
It was a potion of heal wounds.
You feel much better.
You feel sick. The water moccasin bites you!
* * * LOW HITPOINT WARNING * * *
You barely miss the water moccasin.
The water moccasin is severely wounded.
You feel sick. The water moccasin bites you.
* * * LOW HITPOINT WARNING * * *
The water moccasin bites you.
* * * LOW HITPOINT WARNING * * *
Throw: 10 boomerangs
Press: ? - help, Q - select action, (/) - cycle Shift-Dir - straight line, f/p - water moccasin
Aim: a water moccasin (severely wounded, 38% to hit)
Okay, then.
You barely miss the water moccasin.
The water moccasin is severely wounded.
You feel sick. You block the water moccasin's attack.
The water moccasin bites you but does no damage.
You miss the water moccasin.
The water moccasin is severely wounded.
You feel sick.
You are no longer poisoned.
The water moccasin barely misses you. The water moccasin bites you!
You die...

### .... .....
############.....$
..........@S.....(
#######.####.....$
#.# ..... #.# ....
#.# ### #.# #.#
##.## ##...##


You could see a water moccasin.

Vanquished Creatures
  A scorpion (D:2)
  A bullfrog zombie (D:4)
  Jessica (D:3)
  A bullfrog skeleton (D:4)
  An orc wizard (D:4)
  5 adders
  An adder skeleton (D:4)
  3 worms
  A dart slug (D:1)
  3 orcs (D:4)
  7 ball pythons
  7 bats
  3 endoplasms
  3 giant cockroaches
  8 goblins
  2 hobgoblins
  4 quokkas
  5 frilled lizards
  5 kobolds
  4 rats
66 creatures vanquished.

Notes
Turn   | Place    | Note
-------+----------+-------------------------------------------
     0 | D:1      | cheechan the Naga Fighter began the quest for the Orb.
     0 | D:1      | Reached XP level 1. HP: 21/21 MP: 1/1
    46 | D:1      | Found Kinaokhlo's Weapon Shop.
   188 | D:1      | Reached XP level 2. HP: 28/28 MP: 2/2
   523 | D:1      | Reached XP level 3. HP: 34/34 MP: 3/3
   885 | D:2      | Noticed a scorpion
   891 | D:2      | Killed a scorpion
   892 | D:2      | Reached skill level 1 in Slings
   892 | D:2      | Reached XP level 4. HP: 36/42 MP: 4/4
  1444 | D:2      | Reached XP level 5. HP: 46/49 MP: 5/5
  1731 | D:2      | Found a faded altar of an unknown god.
  1793 | D:2      | Found Beiffuk's Magic Scroll Shop.
  2170 | D:3      | Noticed Jessica
  2174 | D:3      | Killed Jessica
  2175 | D:3      | Reached skill level 1 in Stealth
  2206 | D:3      | Found a shimmering blue altar of Sif Muna.
  2217 | D:3      | Found a bloodstained altar of Trog.
  2225 | D:3      | Found a blossoming altar of Fedhas.
  2241 | D:3      | Found an opulent altar of Gozag.
  2251 | D:3      | Found an ornate altar of the Wu Jian Council.
  2390 | D:3      | Noticed a shadow
  2391 | D:3      | Found a shadowy altar of Dithmenos.
  2392 | D:3      | Found a hazy altar of Hepliaklqana.
  2462 | D:4      | Reached XP level 6. HP: 7/56 MP: 6/6
  2477 | D:4      | Found a broken altar of Ashenzari.
  2759 | D:4      | Found a glowing drain.
  2763 | Sewer    | Entered a sewer
  2826 | Sewer    | Noticed a water moccasin
  2842 | Sewer    | HP: 2/57 [water moccasin (6)]
  2854 | Sewer    | HP: 2/57 [poisoned by a water moccasin]
  2855 | Sewer    | Mangled by a water moccasin

Illustrated notes

Levels and vault maps discovered:
D:1:      dpeg_arrival_round_b, layout_loops_ring, serial_shops, shop,
          st_stairs_5, chequers_garden
D:2:      layout_basic, serial_shops, nicolae_shop_waterfront,
          hellmonk_ecumenical_altar_inner_sanctum, minmay_liquid_box,
          kennysheep_generic_room_14
D:3:      layout_rooms, riverfiend_overflow_shadow_ancestor,
          minmay_overflow_temple_star_hex, uniq_jessica
D:4:      layout_rooms, evilmike_ruin_ashenzari, gup_sewer_entry_bowl,
          minmay_manual_mess, uniq_crazy_yiuf_cottage
Sewer:    sewer_big_baddie

Skill      XL: |  1  2  3  4  5 |
---------------+----------------+-----
Slings         | 1 3 |  3.5
Armour         | 3 |  3.3
Stealth        | 1 |  1.3
Fighting       | |  3.6
Axes           | |  2.5
Dodging        | |  0.3
Shields        | |  2.8

Action                   |  1- 3 |  4- 6 || total
-------------------------+-------+-------++-------
Melee: War axe           |    38 |    10 ||    48
       Hunting sling     |       |     4 ||     4
 Fire: Hunting sling     |    19 |   113 ||   132
 Abil: Spit Poison       |     1 |     3 ||     4
  Use: Scroll            |     1 |     2 ||     3
       Potion            |       |     4 ||     4
Armor: Scale mail        |    28 |    57 ||    85
Dodge: Dodged            |    18 |    41 ||    59
Block: Buckler           |    12 |     8 ||    20

Table legend: (Time is in decaauts)
 A = Elapsed time spent in this place.
 B = Non-inter-level travel time spent in this place.
 C = Inter-level travel time spent in this place.
 D = Time resting spent in this place.
 E = Time spent auto-exploring this place.
 F = Levels seen in this place.
 G = Mean time per level.
                   A        B        C        D        E       F      G
               +--------+--------+--------+--------+--------+-----+--------+
         Total |   3835 |   3835 |      0 |    158 |      0 |   5 |  767.0 |
       Dungeon |   3721 |   3721 |      0 |    158 |      0 |   4 |  930.2 |
         Sewer |    114 |    114 |      0 |      0 |      0 |   1 |  114.0 |
               +--------+--------+--------+--------+--------+-----+--------+

Top non-repeatable levels by time:
     D:2: 1642 daAuts
     D:1: 1067 daAuts
     D:3: 589 daAuts
     D:4: 421 daAuts
   Sewer: 114 daAuts
